 Dungeon Crawl Stone Soup version 0.28-a0-514-g0d7ab7f379 (webtiles) character file.

Game seed: 13778681876862310147

100 Spaninq the Chopper (level 4, 6/41 HPs)
             Began as a Hill Orc Abyssal Knight on Sept 22, 2021.
             Was a Believer of Lugonu.
             Quit the game on level 1 of the Dungeon.
             The game lasted 00:03:48 (1698 turns).

Spaninq the Chopper (Hill Orc Abyssal Knight)       Turns: 1698, Time: 00:03:49

Health: 6/41       AC:  6    Str: 16    XL:     4   Next: 73%
Magic:  5/5        EV:  9    Int: 10    God:    Lugonu [**....]
Gold:   77         SH:  0    Dex: 11    Spells: 3/3 levels left

rFire   . . .      SeeInvis .   a - +2 hand axe
rCold   . . .      Faith    .   (no shield)
rNeg    . . .      Spirit   .   b - +0 scale mail
rPois   .          Reflect  .   (no helmet)
rElec   .          Harm     .   (no cloak)
rCorr   .          Rampage  .   (no gloves)
Will    .....                   (no boots)
Stlth   ..........              (no amulet)
HPRegen 0.13/turn               (no ring)
MPRegen 0.09/turn               (no ring)

@: mighty, lethally poisoned (6 -> -6)
A: no striking features
a: Renounce Religion, Depart the Abyss, Bend Space


You were on level 1 of the Dungeon.
You worshipped Lugonu.
Lugonu was pleased with you.
You visited 1 branch of the dungeon, and saw 2 of its levels.
You visited the Abyss 1 time.

You collected 77 gold pieces.

Inventory:

Hand Weapons
 a - a +2 hand axe (weapon)
Armour
 b - a +0 scale mail (worn)
Scrolls
 e - a scroll of amnesia
 f - a scroll of teleportation


   Skills:
 + Level 4.4 Fighting
 * Level 4.8 Axes
 + Level 3.2 Armour
 - Level 0.7 Dodging
 - Level 2.4 Invocations


You had 3 spell levels left.
You didn't know any spells.
Your spell library was empty.

Dungeon Overview and Level Annotations

Branches:
Dungeon (2/15)

Altars:

Shops:
D:1 *   D:2 (*


Message History

You are more poisoned.
You hit the gnoll.
The gnoll is severely wounded.
You feel very sick. The gnoll hits you but does no damage.
You are more poisoned.
You completely miss the gnoll.
The gnoll is severely wounded.
You feel very sick.
The gnoll hits you with a +0 whip of venom.
You hit the gnoll.
The gnoll is almost dead.
* * * LOW HITPOINT WARNING * * *
You feel very sick.
The gnoll hits you with a +0 whip of venom.
* * * LOW HITPOINT WARNING * * *
You are more poisoned.
It was a potion of might.
You feel very mighty all of a sudden.
* * * LOW HITPOINT WARNING * * *
You feel very sick. The gnoll closely misses you.
It was a potion of heal wounds.
You feel much better.
You feel very sick.
The gnoll hits you with a +0 whip of venom.
You are lethally poisoned!
You slash the gnoll!
You kill the gnoll!
Lugonu accepts your kill.
* * * LOW HITPOINT WARNING * * *
You feel very sick.
* * * LOW HITPOINT WARNING * * *
You feel very sick.
You see here a +0 whip of venom.
* * * LOW HITPOINT WARNING * * *
You feel very sick.
There is a stone staircase leading down, spattered with blood here.
There is a lethal amount of poison in your body!
There is a lethal amount of poison in your body!
Are you sure you want to abandon this character and quit the game? (Confirm with "yes".)

#####.#####.#####################
.................................
#####..###..############...######
## ###.##.## ##.## .#####...#.#
#.# .......⌠..## ######.#
.#####...#### #####......# ##
##.##..# #.)........# # #.###.##
#@.........# # #.# #..#
#..........# # #.# ##.#
#.....((...# ## ##.## #.#
#..........# .#####...###.#
#..........#
.......⌠..##.###..........#
.#####...###..............#
#######.####..............#
......).....)#...########.#######


There were no monsters in sight!

Vanquished Creatures
  Jessica (D:2)
  A gnoll (D:1)
  An adder (D:2)
  A worm (D:2)
  A dart slug (D:2)
  7 ball pythons (D:1)
  4 bats
  4 endoplasms
  5 giant cockroaches
  5 goblins
  3 hobgoblins
  2 jackals (D:2)
  3 kobolds
  2 quokkas
  A frilled lizard (D:2)
  3 rats
44 creatures vanquished.

Notes
Turn   | Place    | Note
-------+----------+-------------------------------------------
     0 | Abyss:1  | Spaninq the Hill Orc Abyssal Knight began the quest for the
                  | Orb.
     0 | Abyss:1  | Reached XP level 1. HP: 19/19 MP: 2/2
    13 | D:1      | Escaped the Abyss
    22 | D:1      | Found Sulif's Assorted Antiques.
    60 | D:1      | Reached XP level 2. HP: 21/27 MP: 3/3
   271 | D:1      | Found a faded altar of an unknown god.
   702 | D:1      | Reached XP level 3. HP: 32/33 MP: 4/4
   887 | D:2      | Found Aguj's Assorted Antiques.
  1281 | D:2      | Found Teguj's Antique Weapon Emporium.
  1361 | D:2      | Reached ** piety under Lugonu
  1527 | D:2      | Noticed Jessica
  1537 | D:2      | Reached XP level 4. HP: 40/40 MP: 5/5
  1548 | D:2      | Killed Jessica
  1698 | D:1      | Quit the game

Illustrated notes

Levels and vault maps discovered:
D:1:      psy_arrival_terrarium, layout_rooms, serial_shops,
          nicolae_shop_temple_entry_statues_fountains, basic_ecumenical_altar,
          minmay_misc_feat_tower
D:2:      layout_loops_ring, serial_shops, nicolae_shop_waterfront, shop,
          kennysheep_generic_room_16, uniq_jessica, uniq_crazy_yiuf_cottage

Skill      XL: |  1  2  3  4 |
---------------+-------------+-----
Axes           | 3 4 |  4.8
Fighting       | 4 |  4.4
Armour         | 3 |  3.2
Dodging        | |  0.7
Invocations    | |  2.4

Action                   |  1- 3 |  4- 6 || total
-------------------------+-------+-------++-------
Melee: Hand axe          |   131 |    27 ||   158
  Use: Scroll            |     3 |       ||     3
       Potion            |       |     2 ||     2
Armor: Leather armour    |    26 |       ||    26
       Scale mail        |    16 |     9 ||    25
       Ring mail         |     2 |       ||     2
Dodge: Dodged            |    98 |    10 ||   108

Table legend: (Time is in decaauts)
 A = Elapsed time spent in this place.
 B = Non-inter-level travel time spent in this place.
 C = Inter-level travel time spent in this place.
 D = Time resting spent in this place.
 E = Time spent auto-exploring this place.
 F = Levels seen in this place.
 G = Mean time per level.
                   A        B        C        D        E       F      G
               +--------+--------+--------+--------+--------+-----+--------+
         Total |   1718 |   1603 |    115 |      0 |   1143 |   3 |  572.7 |
       Dungeon |   1705 |   1590 |    115 |      0 |   1138 |   2 |  852.5 |
         Abyss |     13 |     13 |      0 |      0 |      5 |   1 |   13.0 |
               +--------+--------+--------+--------+--------+-----+--------+

Top non-repeatable levels by time:
     D:1: 957 daAuts
     D:2: 747 daAuts
 Abyss:1: 13 daAuts
